Map: 이터널 엠파이어 - 래더

Players

Lambo - Winner!

  • Race: Zerg Zerg
  • Spawn Location: 1:00

Hurricane

  • Race: Protoss Protoss
  • Spawn Location: 7:00

Event: IEM Katowice 2020

VOD

Have the link to the VOD?

Description

Time

  • Played on: Feb. 28, 2020, 2:37 p.m.
  • Length: 13:12

All games in this series

Show
View Real Time Build Order
Export as new Build Order

Lambo Zerg - Winner!

Build Orders: Hatch First, Muta Ling Bane 

Get SALT Encoding   

  12  0:00  Drone  
  13  0:13  Overlord  
  13  0:18  Drone  
  14  0:32  Drone x2  
  16  0:48  Hatchery  
  15  0:51  Drone  
  15  0:55  Drone  
  17  0:59  Drone  
  18  1:09  Extractor  
  17  1:13  Spawning Pool  
  17  1:17  Drone  
  17  1:20  Drone  
  18  1:28  Drone  
  19  1:39  Drone  
  20  1:49  Overlord  
  20  2:00  Queen x2  
  26  2:01  Zergling x4  
  26  2:09  Metabolic Boost  
  26  2:12  Drone x2  
  28  2:23  Drone x2  
  30  2:33  Drone  
  31  2:37  Hatchery  
  31  2:41  Drone  
  31  2:44  Drone  
  32  2:48  Overlord  
  32  2:56  Queen  
  34  3:00  Drone x2  
  36  3:07  Drone  
  36  3:08  Drone  
  36  3:12  Drone  
  39  3:13  Drone  
  39  3:16  Overlord  
  39  3:17  Drone x3  
  43  3:28  Drone  
  43  3:33  Queen  
  46  3:34  Overlord  
  46  3:38  Drone x2  
  48  3:41  Roach Warren  
  48  3:43  Drone x2  
  48  3:46  Overlord  
  48  3:48  Spore Crawler  
  48  3:53  Spore Crawler  
  48  3:55  Drone x3  
  49  4:00  Queen  
  51  4:04  Spore Crawler  
  51  4:05  Drone  
  51  4:10  Extractor, Drone x2  
  51  4:14  Drone x3  
  51  4:16  Drone  
  56  4:18  Overlord  
  56  4:22  Overlord  
  56  4:24  Drone  
  58  4:26  Zergling x4  
  61  4:31  Zergling x6  
  61  4:34  Zergling x2  
  64  4:39  Drone  
  64  4:40  Lair  
  64  4:42  Queen  
  64  4:45  Drone x3  
  70  4:47  Drone  
  70  4:50  Drone  
  70  4:51  Drone x3  
  75  4:55  Drone x2  
  75  4:56  Drone  
  78  5:00  Extractor  
  78  5:01  Extractor, Evolution Chamber  
  78  5:05  Drone x3  
  78  5:07  Evolution Chamber  
  77  5:08  Drone  
  77  5:09  Drone x2  
  80  5:14  Overlord  
  80  5:16  Drone x2  
  82  5:24  Extractor  
  82  5:26  Extractor, Drone x2  
  82  5:29  Extractor, Hatchery  
  82  5:30  Overlord  
  82  5:31  Overlord  
  82  5:32  Zerg Melee Weapons Level 1  
  82  5:33  Drone, Zerg Missile Weapons Level 1  
  81  5:36  Overlord  
  81  5:38  Drone x2  
  81  5:42  Roach x2  
  87  5:46  Roach  
  91  5:50  Drone x3  
  91  5:55  Roach, Baneling Nest  
  91  5:56  Drone x4  
  97  5:58  Overseer, Pneumatized Carapace  
  97  6:02  Drone x2  
  99  6:07  Glial Reconstitution  
  99  6:08  Drone  
  99  6:10  Roach x2  
  104  6:11  Infestation Pit  
  103  6:25  Drone x7  
  108  6:26  Unknown  
  108  6:29  Drone  
  106  6:36  Drone  
  106  6:37  Drone  
  106  6:38  Spire, Drone x3  
  110  6:43  Overlord  
  110  6:44  Roach x4  
  118  6:47  Drone x2  
  118  6:51  Centrifical Hooks  
  119  6:55  Overlord  
  119  6:58  Overlord  
  119  6:59  Overlord  
  119  7:01  Overlord  
  119  7:06  Roach x4  
  127  7:08  Ravager  
  127  7:09  Baneling  
  127  7:10  Baneling x5  
  127  7:17  Roach x4  
  127  7:18  Ravager x3  
  127  7:19  Ravager  
  127  7:22  Roach x2  
  143  7:24  Roach x2  
  143  7:26  Ravager x2  
  143  7:28  Baneling x2  
  149  7:31  Roach x3  
  149  7:33  Zergling x6  
  149  7:34  Zergling x2  
  157  7:39  Roach x4  
  153  7:44  Roach x3  
  153  7:46  Zergling x4  
  153  7:49  Roach  
  153  7:50  Roach  
  147  7:53  Roach  
  147  7:55  Roach  
  147  7:56  Roach x2  
  143  7:58  Roach  
  143  8:01  Zergling x6  
  143  8:03  Zergling x2  
  143  8:04  Roach  
  144  8:06  Roach x2  
  144  8:08  Roach  
  144  8:10  Roach  
  143  8:15  Roach x3  
  143  8:16  Roach  
  143  8:18  Zergling x4  
  139  8:29  Zergling x2  
  139  8:30  Zergling x4  
  139  8:33  Zergling x4  
  128  8:39  Zergling x10  
  132  8:46  Hatchery  
  131  8:51  Queen  
  131  8:54  Zerg Melee Weapons Level 2  
  133  8:57  Mutalisk x4  
  141  9:03  Mutalisk x3  
  147  9:12  Mutalisk x2  
  151  9:20  Zergling x6  
  151  9:21  Overlord x2  
  153  9:27  Overlord  
  153  9:29  Overlord  
  150  9:32  Overlord  
  150  9:33  Zergling x10  
  154  9:40  Roach x3  
  154  9:44  Roach x4  
  168  9:46  Roach x2  
  168  9:48  Ravager  
  168  9:49  Baneling x7  
  173  9:54  Roach x3  
  179  10:02  Roach x3  
  183  10:09  Zergling x6  
  183  10:12  Roach  
  184  10:20  Mutalisk x5  
  189  10:27  Zergling x6  
  186  10:30  Zerg Missile Weapons Level 2  
  186  10:32  Drone x2  
  188  10:36  Zergling x6  
  188  10:38  Baneling x6  
  188  10:40  Zergling x2  
  192  10:43  Zergling x2  
  192  10:49  Mutalisk x3  
  199  10:57  Hatchery  
  199  10:58  Overlord  
  199  11:04  Overlord  
  198  11:05  Overlord  
  198  11:06  Zergling x2  
  198  11:12  Overlord  
  198  11:19  Zergling x2  
  198  11:21  Overlord  
  198  11:22  Roach  
  198  11:23  Roach x3  
  193  11:29  Roach x5  
  195  11:34  Roach x3  
  195  11:36  Baneling  
  195  11:37  Baneling x4  
  193  11:41  Baneling x4  
  193  11:42  Zergling x14, Ravager  
  193  11:46  Zergling x12  
  198  11:48  Zergling x4  
  190  11:56  Zergling x6  
  190  11:59  Zergling x2  
  172  12:05  Zergling x12  
  166  12:08  Roach x2  
  166  12:11  Zergling x4  
  161  12:18  Zergling x2  
  161  12:21  Roach x2  
  157  12:23  Roach  
  157  12:29  Roach x2  
  143  12:34  Mutalisk x5  
  149  12:41  Mutalisk x5  
  159  12:48  Roach  
  159  12:49  Roach x2  
Show
View Real Time Build Order
Export as new Build Order

Hurricane Protoss 

Build Orders: 1 Gate Expand, Oracle Opening, Archon Immortal 

Get SALT Encoding   

  12  0:00  Probe  
  13  0:12  Probe  
  14  0:19  Pylon  
  14  0:24  Probe (Chrono Boost)  
  15  0:29  Assimilator  
  15  0:39  Probe (Chrono Boost)  
  16  0:44  Probe (Chrono Boost)  
  16  0:48  Gateway  
  17  0:54  Probe  
  18  1:06  Probe  
  19  1:18  Probe  
  20  1:24  Nexus  
  21  1:34  Cybernetics Core  
  21  1:37  Probe  
  21  1:42  Assimilator  
  21  1:49  Probe  
  21  1:52  Pylon  
  22  2:01  Probe  
  23  2:09  Adept (Chrono Boost)  
  23  2:13  Probe  
  23  2:15  Warp Gate  
  26  2:20  Stargate  
  26  2:26  Probe (Chrono Boost)  
  27  2:31  Stalker  
  29  2:37  Probe (Chrono Boost)  
  29  2:38  Probe (Chrono Boost)  
  31  2:47  Probe x2 (Chrono Boost)  
  33  2:52  Probe x2 (Chrono Boost)  
  35  3:02  Oracle (Chrono Boost)  
  35  3:04  Probe x2  
  40  3:10  Pylon  
  40  3:16  Probe x2  
  42  3:23  Adept  
  44  3:28  Probe x2  
  46  3:36  Assimilator  
  46  3:38  Gateway, Assimilator  
  45  3:42  Oracle (Chrono Boost)  
  45  3:44  Probe x2  
  50  3:50  Pylon  
  50  3:56  Probe  
  50  3:57  Probe  
  52  4:08  Probe  
  52  4:09  Nexus  
  53  4:15  Probe  
  54  4:19  Robotics Facility  
  54  4:20  Probe, Pylon  
  55  4:28  Probe  
  56  4:31  Twilight Council  
  56  4:32  Probe  
  56  4:36  Forge  
  57  4:40  Probe  
  57  4:44  Probe  
  57  4:45  Pylon  
  59  4:47  Sentry x2  
  63  4:53  Probe (Chrono Boost), Gateway  
  63  4:59  Probe (Chrono Boost)  
  65  5:05  Probe (Chrono Boost)  
  65  5:06  Warp Prism (Chrono Boost)  
  68  5:09  Probe (Chrono Boost)  
  68  5:11  Probe (Chrono Boost)  
  68  5:13  Shield Battery  
  68  5:14  Probe (Chrono Boost), Adept  
  72  5:16  Protoss Ground Weapons Level 1  
  72  5:19  Probe  
  74  5:22  Charge  
  74  5:25  Probe  
  74  5:26  Probe  
  76  5:31  Probe  
  76  5:33  Observer (Chrono Boost)  
  78  5:37  Probe  
  78  5:38  Probe, Templar Archives  
  80  5:52  Gateway  
  80  5:54  Gateway  
  80  5:55  Gateway  
  80  5:57  Probe x2, Gateway  
  80  5:58  Probe  
  80  5:59  Gateway  
  80  6:03  Immortal (Chrono Boost)  
  87  6:12  Pylon, Assimilator x2  
  87  6:16  Pylon  
  87  6:17  Probe  
  88  6:18  Probe x2  
  88  6:32  Sentry x2  
  88  6:33  Zealot  
  88  6:36  Probe  
  88  6:39  Pylon  
  99  6:40  Immortal (Chrono Boost)  
  99  6:50  High Templar x2, Photon Cannon  
  99  6:51  High Templar x2  
  99  6:52  Pylon  
  107  6:58  Archon  
  107  7:05  Pylon, Immortal (Chrono Boost)  
  107  7:06  Archon  
  107  7:07  Zealot  
  107  7:08  Zealot x2  
  117  7:19  Pylon  
  117  7:20  Pylon, High Templar  
  119  7:24  High Templar, Pylon, Zealot x3  
  119  7:28  Archon  
  127  7:30  Zealot x3  
  126  7:46  Zealot x3  
  126  7:51  Immortal (Chrono Boost)  
  126  7:52  Zealot x4  
  112  8:09  Zealot x3  
  112  8:11  Zealot  
  107  8:16  Zealot x4  
  109  8:24  Immortal (Chrono Boost)  
  104  8:31  Protoss Ground Weapons Level 2  
  104  8:32  Zealot x4  
  102  8:36  Blink (Chrono Boost)  
  88  8:45  High Templar, Sentry x2  
  88  8:46  High Templar x4, Gateway  
  88  8:47  Gateway  
  98  8:49  High Templar  
  98  8:51  Gateway, Nexus  
  98  8:52  Archon x2  
  98  8:54  Archon, Immortal (Chrono Boost)  
  100  8:57  Gateway  
  104  9:11  Probe x3  
  104  9:12  Zealot  
  104  9:13  Pylon, Zealot  
  104  9:16  Photon Cannon  
  111  9:20  Zealot x2  
  111  9:22  Zealot  
  116  9:25  Immortal (Chrono Boost)  
  120  9:36  High Templar x2  
  120  9:38  Probe x3  
  127  9:42  Unknown  
  127  9:45  Archon  
  117  9:46  Stalker x4  
  117  9:51  Photon Cannon  
  125  9:59  Stalker x2  
  129  10:03  Stalker  
  129  10:04  Stalker  
  133  10:09  Photon Cannon  
  133  10:12  Zealot  
  135  10:19  Zealot  
  135  10:20  Zealot x2  
  133  10:21  Stalker  
  133  10:22  Stalker  
  133  10:27  Warp Prism (Chrono Boost)  
  120  10:32  Probe  
  120  10:34  Pylon  
  122  10:38  High Templar x4  
  122  10:39  High Templar  
  122  10:40  High Templar  
  129  10:42  Archon  
  129  10:43  Archon  
  129  10:44  Archon  
  129  10:45  Probe  
  129  10:47  Pylon  
  130  10:50  Photon Cannon  
  130  10:53  Sentry, Zealot x2  
  136  10:59  Probe  
  137  11:05  Probe x3  
  137  11:07  High Templar x2, Zealot  
  146  11:11  Zealot x3  
  146  11:13  Archon  
  146  11:16  Zealot  
  146  11:17  Zealot x2  
  152  11:21  Zealot x2  
  135  11:29  Warp Prism (Chrono Boost)  
  117  11:36  Zealot x2  
  117  11:38  Zealot  
  98  11:54  Stalker x3  
  98  12:00  Stalker  
  57  12:24  Zealot x2  
  57  12:25  Zealot x4  
  43  12:33  High Templar x3  
  43  12:34  High Templar x3  
  43  12:36  Zealot x4  
  53  12:38  Archon x2  
  53  12:39  Archon  
  50  12:58  Stalker x5  

Tags
 
Add a new tag
Caveats
  • Supply blocks, unpowered buildings, or Contaminate may cause inaccurate times.
  • Supply counts are checked every 10 seconds.